| TOP OF THE 1ST |
|
Spokane River Rats batting - Pitching for San Antonio Missions : RHP Rene Arocha
|
|
Pitching: RHP Rene Arocha
|
|
|
Batting: SHB Chuck Carr
|
0-0: Bunt for hit to P - play at first, batter OUT! 1-3
|
|
Batting: LHB Andy Fox
|
0-0: Ball 1-0: Called Strike 1-1: Foul Ball, location: 2F 1-2: Strikes out swinging
|
|
Batting: LHB Michael Tucker
|
0-0: SINGLE (Groundball, 34, EV 82.5 MPH) (infield hit)
|
|
Batting: SHB Gene Kingsale
|
0-0: Called Strike 0-1: Called Strike 0-2: Strikes out swinging
|
| Top of the 1st over - 0 runs, 1 hit, 0 errors, 1 left on base; Spokane 0 - San Antonio 0 |
| BOTTOM OF THE 1ST |
|
San Antonio Missions batting - Pitching for Spokane River Rats : RHP Jaret Wright
|
|
Pitching: RHP Jaret Wright
|
|
|
Batting: LHB David Hulse
|
0-0: Ball 1-0: Called Strike 1-1: Foul Ball, location: 2F 1-2: Ball 2-2: Ground out 6-3 (Groundball, 6, EV 80.6 MPH)
|
|
Batting: SHB Bill Doran
|
0-0: Ground out 1-3 (Groundball, 34S, EV 91.9 MPH)
|
|
Batting: RHB Damian Jackson
|
0-0: Called Strike 0-1: TRIPLE (Flyball, 78XD, EV 96.3 MPH)
|
|
Batting: RHB Orlando Miller
|
0-0: Fly out, F7 (Flyball, 7D, EV 96.9 MPH)
|
| Bottom of the 1st over - 0 runs, 1 hit, 0 errors, 1 left on base; Spokane 0 - San Antonio 0 |
| TOP OF THE 2ND |
|
Spokane River Rats batting - Pitching for San Antonio Missions : RHP Rene Arocha
|
|
Batting: RHB Tony Rodriguez
|
0-0: Called Strike 0-1: Swinging Strike 0-2: Strikes out swinging, 2-3 out at first.
|
|
Batting: SHB Luis M. Lopez
|
0-0: Ball 1-0: Swinging Strike 1-1: Ground out 6-3 (Groundball, 6M, EV 104.4 MPH)
|
|
Batting: RHB Mark Dalesandro
|
0-0: Fly out, F4 (Line Drive, 4, EV 73.1 MPH)
|
| Top of the 2nd over - 0 runs, 0 hits, 0 errors, 0 left on base; Spokane 0 - San Antonio 0 |
| BOTTOM OF THE 2ND |
|
San Antonio Missions batting - Pitching for Spokane River Rats : RHP Jaret Wright
|
|
Batting: RHB David Green
|
0-0: Foul Ball, location: 2F 0-1: Ball 1-1: Swinging Strike 1-2: Ball 2-2: Ball 3-2: SINGLE (Line Drive, 8RS, EV 96.3 MPH)
|
|
Batting: RHB Eric Owens
|
0-0: Ball Wild Pitch! David Green to second 1-0: SINGLE (Line Drive, 34D, EV 96.3 MPH) David Green to third Runner from 3rd tries for Home, SAFE, no throw by RF
|
|
Batting: RHB Kelly Stinnett
|
0-0: Called Strike 0-1: Ball 1-1: Fly out, F7 (Line Drive, 7, EV 99.4 MPH)
|
|
Batting: RHB Mike Matheny
|
0-0: Ball 1-0: Called Strike 1-1: Foul Ball, location: 2F 1-2: Strikes out looking
|
|
Batting: RHB Luis Sojo
|
0-0: Foul Ball, location: 2F 0-1: Called Strike 0-2: Ball 1-2: Fielders Choice at 2nd, 6-4 (Groundball, 6, EV 96.3 MPH)
|
| Bottom of the 2nd over - 1 run, 2 hits, 0 errors, 1 left on base; Spokane 0 - San Antonio 1 |
| TOP OF THE 3RD |
|
Spokane River Rats batting - Pitching for San Antonio Missions : RHP Rene Arocha
|
|
Batting: SHB Doug Brady
|
0-0: Foul Ball, location: 2F 0-1: Ball 1-1: Foul Ball, location: 2F 1-2: Strikes out swinging
|
|
Batting: RHB Jose Lind
|
0-0: Ball 1-0: Ball 2-0: Foul Ball, location: 2F 2-1: Swinging Strike 2-2: Ground out 6-3 (Groundball, 56, EV 103.8 MPH)
|
|
Batting: SHB Chuck Carr
|
0-0: Ball 1-0: Called Strike 1-1: Ball 2-1: Bunt for hit to 2L - play at first, batter OUT! 2-3
|
| Top of the 3rd over - 0 runs, 0 hits, 0 errors, 0 left on base; Spokane 0 - San Antonio 1 |
| BOTTOM OF THE 3RD |
|
San Antonio Missions batting - Pitching for Spokane River Rats : RHP Jaret Wright
|
|
Batting: LHB David Hulse
|
0-0: Ball 1-0: Ball 2-0: Called Strike 2-1: Ball 3-1: Base on Balls
|
|
Batting: SHB Bill Doran
|
0-0: Ball 1-0: Called Strike 1-1: Foul Ball, location: 2F 1-2: SINGLE (Groundball, 34D, EV 96.3 MPH) David Hulse to second Runner from 2nd tries for 3rd, SAFE, throw by RF made to third
|
|
Batting: RHB Damian Jackson
|
0-0: Called Strike 0-1: Called Strike 0-2: Ball 1-2: Fly out, F8 (Flyball, 8LD, EV 83.1 MPH) Runner from 3rd tags up, SCORES, throw by CF
|
|
Batting: RHB Orlando Miller
|
0-0: Ball 1-0: Called Strike 1-1: Called Strike 1-2: Ball 2-2: Fly out, F9 (Flyball, 9LS, EV 90.0 MPH)
|
|
Batting: RHB David Green
|
0-0: Ball 1-0: Ball 2-0: DOUBLE (Line Drive, 9LS, EV 96.9 MPH) Bill Doran to third Runner from 3rd tries for Home, SAFE, throw by RF to trailing runner, SAFE at third!
|
|
Batting: RHB Eric Owens
|
0-0: Ball 1-0: Single, Error in OF, E7, batter to second base (Groundball, 56D, EV 94.4 MPH) David Green scores
|
|
Batting: RHB Kelly Stinnett
|
0-0: Called Strike 0-1: Ball 1-1: Foul Ball, location: 2F 1-2: Foul Ball, location: 2F 1-2: Fly out, F9 (Flyball, 89S, EV 91.9 MPH)
|
| Bottom of the 3rd over - 3 runs, 3 hits, 1 error, 1 left on base; Spokane 0 - San Antonio 4 |
| TOP OF THE 4TH |
|
Spokane River Rats batting - Pitching for San Antonio Missions : RHP Rene Arocha
|
|
Batting: LHB Andy Fox
|
0-0: SINGLE (Groundball, 6D, EV 101.3 MPH)
|
|
Batting: LHB Michael Tucker
|
0-0: Foul Ball, location: 2F 0-1: Foul Ball, location: 2F 0-2: Ball 1-2: Ball 2-2: SINGLE (Groundball, 56D, EV 96.3 MPH) Andy Fox to second
|
|
Batting: SHB Gene Kingsale
|
0-0: Ball 1-0: Called Strike 1-1: Swinging Strike 1-2: Foul Ball, location: 2F 1-2: Strikes out swinging
|
|
Batting: RHB Tony Rodriguez
|
0-0: Swinging Strike 0-1: Called Strike 0-2: Foul Ball, location: 2F 0-2: Strikes out looking
|
|
Batting: SHB Luis M. Lopez
|
0-0: Called Strike 0-1: Ground out 6-3 (Groundball, 6S, EV 83.8 MPH)
|
| Top of the 4th over - 0 runs, 2 hits, 0 errors, 2 left on base; Spokane 0 - San Antonio 4 |
| BOTTOM OF THE 4TH |
|
San Antonio Missions batting - Pitching for Spokane River Rats : RHP Jaret Wright
|
|
Batting: RHB Mike Matheny
|
0-0: Ball 1-0: Ground out 1-3 (Groundball, 15S, EV 70.6 MPH)
|
|
Batting: RHB Luis Sojo
|
0-0: Foul Ball, location: 2F 0-1: Foul Ball, location: 2F 0-2: Ground out 6-3 (Groundball, 6, EV 77.5 MPH)
|
|
Batting: LHB David Hulse
|
0-0: Foul Ball, location: 2F 0-1: Foul Ball, location: 2F 0-2: Fly out, F4 (Line Drive, 4, EV 71.3 MPH)
|
| Bottom of the 4th over - 0 runs, 0 hits, 0 errors, 0 left on base; Spokane 0 - San Antonio 4 |
| TOP OF THE 5TH |
|
Spokane River Rats batting - Pitching for San Antonio Missions : RHP Rene Arocha
|
|
Batting: RHB Mark Dalesandro
|
0-0: Called Strike 0-1: Foul Ball, location: 2F 0-2: Ground out 4-3 (Groundball, 4, EV 75.6 MPH)
|
|
Batting: SHB Doug Brady
|
0-0: Called Strike
|
|
|
|
|
|
0-1: Swinging Strike 0-2: Strikes out swinging
|
|
Batting: RHB Jose Lind
|
0-0: Ball 1-0: Called Strike 1-1: Ground out 6-3 (Groundball, 6, EV 106.9 MPH)
|
| Top of the 5th over - 0 runs, 0 hits, 0 errors, 0 left on base; Spokane 0 - San Antonio 4 |
| BOTTOM OF THE 5TH |
|
San Antonio Missions batting - Pitching for Spokane River Rats : RHP Jaret Wright
|
|
Batting: SHB Bill Doran
|
0-0: Ball 1-0: Foul Ball, location: 2F 1-1: Reached on error, E5 (Popup, 56, EV 58.1 MPH)
|
|
Batting: RHB Damian Jackson
|
0-0: Foul Ball, location: 2F 0-1: Ball 1-1: SINGLE (Line Drive, 34, EV 95.6 MPH) Bill Doran to second
|
|
Batting: RHB Orlando Miller
|
0-0: Swinging Strike 0-1: Ball 1-1: Ball 2-1: 3-RUN HOME RUN (Flyball, 9LD, EV 111.9 MPH), Distance : 332 ft
|
|
Pitching: RHP Doug Brocail
|
|
|
Batting: RHB David Green
|
0-0: Ball 1-0: SINGLE (Flyball, 78S, EV 84.4 MPH)
|
|
Batting: RHB Eric Owens
|
0-0: Ball 1-0: Ball 2-0: Foul Ball, location: 2F 2-1: Ball 3-1: Called Strike 3-2: Strikes out looking David Green steals 2nd base Batter strikes out.
|
|
Batting: RHB Kelly Stinnett
|
0-0: Ball 1-0: Foul Ball, location: 2F 1-1: Foul Ball, location: 2F 1-2: Strikes out swinging
|
|
Batting: RHB Mike Matheny
|
0-0: SINGLE (Groundball, 56D, EV 100.0 MPH) David Green to third Runner from 3rd tries for Home, SAFE, no throw by LF
|
|
Batting: RHB Luis Sojo
|
0-0: Called Strike 0-1: Fielders Choice at 2nd, 5-4 (Groundball, 56, EV 85.6 MPH)
|
| Bottom of the 5th over - 4 runs, 4 hits, 1 error, 1 left on base; Spokane 0 - San Antonio 8 |
| TOP OF THE 6TH |
|
Spokane River Rats batting - Pitching for San Antonio Missions : RHP Rene Arocha
|
|
Batting: SHB Chuck Carr
|
0-0: Ball 1-0: Ball 2-0: Foul Ball, location: 2F 2-1: SINGLE (Groundball, 6MD, EV 108.1 MPH)
|
|
Batting: LHB Andy Fox
|
0-0: Ball 1-0: SINGLE (Groundball, 4MD, EV 100.6 MPH) Chuck Carr to second
|
|
Batting: LHB Michael Tucker
|
0-0: Ball 1-0: Called Strike 1-1: Foul Ball, location: 2F 1-2: Ball 2-2: Fly out, F7 (Line Drive, 7, EV 91.9 MPH)
|
|
Batting: SHB Gene Kingsale
|
0-0: Foul Ball, location: 2F 0-1: Ball 1-1: Ball 2-1: Foul Ball, location: 2F 2-2: Foul Ball, location: 2F 2-2: SINGLE (Groundball, 3D, EV 96.9 MPH) Chuck Carr to third Andy Fox to second Runner from 3rd tries for Home, SAFE, no throw by RF
|
|
Batting: RHB Tony Rodriguez
|
0-0: Called Strike 0-1: Swinging Strike 0-2: Ball 1-2: Fly out, F7 (Line Drive, 7, EV 83.1 MPH)
|
|
Batting: SHB Luis M. Lopez
|
0-0: Ball 1-0: Foul Ball, location: 2F 1-1: SINGLE (Groundball, 34D, EV 100.0 MPH) Andy Fox to third Gene Kingsale to second Runner from 3rd tries for Home, SAFE, throw by RF to home
|
|
Batting: RHB Mark Dalesandro
|
0-0: Called Strike 0-1: Called Strike 0-2: Ball 1-2: Ball 2-2: Strikes out looking
|
| Top of the 6th over - 2 runs, 4 hits, 0 errors, 2 left on base; Spokane 2 - San Antonio 8 |
| BOTTOM OF THE 6TH |
|
San Antonio Missions batting - Pitching for Spokane River Rats : RHP Doug Brocail
|
|
Batting: LHB David Hulse
|
0-0: SINGLE (Groundball, 4MD, EV 110.0 MPH)
|
|
Batting: SHB Bill Doran
|
0-0: Called Strike 0-1: Fly out, F8 (Flyball, 8LD, EV 90.0 MPH)
|
|
Batting: RHB Damian Jackson
|
0-0: Ball 1-0: Fielders Choice at 2nd, 4-6 (Groundball, 4, EV 90.0 MPH)
|
|
Batting: RHB Orlando Miller
|
0-0: Ball 1-0: Foul Ball, location: 2F 1-1: Called Strike 1-2: Ball 2-2: Ball 3-2: SINGLE (Line Drive, 7S, EV 100.6 MPH) Damian Jackson to second Damian Jackson to third
|
|
Batting: RHB David Green
|
0-0: Ball 1-0: Called Strike 1-1: Foul Ball, location: 2F 1-2: Ball 2-2: Ball 3-2: Foul Ball, location: 2F 3-2: Fly out, F7 (Flyball, 7D, EV 103.1 MPH)
|
| Bottom of the 6th over - 0 runs, 2 hits, 0 errors, 2 left on base; Spokane 2 - San Antonio 8 |
| TOP OF THE 7TH |
|
Spokane River Rats batting - Pitching for San Antonio Missions : RHP Rene Arocha
|
|
Batting: SHB Doug Brady
|
0-0: Ball 1-0: Ball 2-0: Ground out 4-3 (Groundball, 4, EV 83.8 MPH)
|
|
Batting: RHB Jose Lind
|
0-0: Ball 1-0: Ball 2-0: Fly out, F8 (Line Drive, 8LM, EV 93.1 MPH)
|
|
Batting: SHB Chuck Carr
|
0-0: Ball 1-0: Swinging Strike 1-1: Ball 2-1: Called Strike 2-2: Foul Ball, location: 2F 2-2: Foul Ball, location: 2F 2-2: Ground out 1-3 (Groundball, 13, EV 73.8 MPH)
|
| Top of the 7th over - 0 runs, 0 hits, 0 errors, 0 left on base; Spokane 2 - San Antonio 8 |
| BOTTOM OF THE 7TH |
|
San Antonio Missions batting - Pitching for Spokane River Rats : RHP Doug Brocail
|
|
Batting: RHB Eric Owens
|
0-0: Ball 1-0: Called Strike 1-1: Called Strike 1-2: Ground out 5-3 (Groundball, 56, EV 106.9 MPH)
|
|
Batting: RHB Kelly Stinnett
|
0-0: Called Strike 0-1: Fly out, F8 (Flyball, 8LS, EV 86.3 MPH)
|
|
Batting: RHB Mike Matheny
|
0-0: Foul Ball, location: 2F 0-1: Fly out, F8 (Line Drive, 8RD, EV 90.6 MPH)
|
| Bottom of the 7th over - 0 runs, 0 hits, 0 errors, 0 left on base; Spokane 2 - San Antonio 8 |
| TOP OF THE 8TH |
|
Spokane River Rats batting - Pitching for San Antonio Missions : RHP Rene Arocha
|
|
Batting: LHB Andy Fox
|
0-0: Swinging Strike 0-1: Ball 1-1: Ball 2-1: Foul Ball, location: 2F 2-2: Strikes out looking
|
|
Pitching: RHP Bob Scanlan
|
|
|
Batting: LHB Michael Tucker
|
0-0: Ball 1-0: Called Strike 1-1: Called Strike 1-2: Ball 2-2: Fly out, F7 (Flyball, 7D, EV 96.9 MPH)
|
|
Batting: SHB Gene Kingsale
|
0-0: Swinging Strike 0-1: Fly out, F6 (Flyball, 56D, EV 88.8 MPH)
|
| Top of the 8th over - 0 runs, 0 hits, 0 errors, 0 left on base; Spokane 2 - San Antonio 8 |
| BOTTOM OF THE 8TH |
|
San Antonio Missions batting - Pitching for Spokane River Rats : RHP Doug Brocail
|
|
Batting: RHB Luis Sojo
|
0-0: Called Strike 0-1: Ground out 4-3 (Groundball, 4M, EV 106.9 MPH)
|
|
Batting: LHB David Hulse
|
0-0: Ball 1-0: Called Strike 1-1: Ball 2-1: SINGLE (Line Drive, 89S, EV 111.3 MPH)
|
|
Batting: SHB Bill Doran
|
0-0: Ball 1-0: Called Strike 1-1: Called Strike 1-2: Strikes out swinging
|
|
Batting: RHB Damian Jackson
|
0-0: Ball 1-0: Foul Ball, location: 2F 1-1: Foul Ball, location: 2F 1-2: Foul Ball, location: 2F 1-2: Strikes out swinging
|
| Bottom of the 8th over - 0 runs, 1 hit, 0 errors, 1 left on base; Spokane 2 - San Antonio 8 |
| TOP OF THE 9TH |
|
Spokane River Rats batting - Pitching for San Antonio Missions : RHP Bob Scanlan
|
|
Batting: RHB Tony Rodriguez
|
0-0: Ball 1-0: Ball 2-0: Ball 3-0: Called Strike 3-1: Foul Ball, location: 2F 3-2: Base on Balls
|
|
Batting: SHB Luis M. Lopez
|
0-0: Fly out, F9 (Flyball, 9S, EV 86.3 MPH)
|
|
Batting: RHB Mark Dalesandro
|
0-0: Ball 1-0: Ball 2-0: Foul Ball, location: 2F 2-1: Fly out, F9 (Flyball, 9LM, EV 98.1 MPH)
|
|
Batting: SHB Doug Brady
|
0-0: Ball 1-0: Ball 2-0: Called Strike 2-1: Called Strike 2-2: Foul Ball, location: 2F 2-2: Fly out, F9 (Flyball, 89S, EV 96.9 MPH)
|
| Top of the 9th over - 0 runs, 0 hits, 0 errors, 1 left on base; Spokane 2 - San Antonio 8 |
 |
|
Thursday, January 29th, 2026 - OOTP Baseball 20.8 Build 74
|
|